AoeStats
← Vinago

Arena

510018467Analyzed
4v4 RM · 5d ago on Sep 29, 2026· 37m 50s· 8 players
Game mode
Random Map
Map size
Large (8 player)
Population
200
Speed
Normal
Resources
Standard
Victory
Conquest
Starting age
Dark Age
Ending age
Imperial Age
RankedLock teamsTeams togetherTeam positionsShared explorationLock speedFull tech treeHidden civsTurbo modeCheats
Victory
Defeat
🇺🇸 Italians · United States
1297
+14
🇲🇽 Persians · Mexico
1279
+15
🇺🇸 Teutons · United States
1258
+16
🇲🇽 Burgundians · Mexico
1251
+15
🇧🇷 Burgundians · Brazil
1278
-16
🇨🇳 Vietnamese · China
1259
-15
🇦🇷 Slavs · Argentina
1257
-15
🇦🇷 Ethiopians · Argentina
1226
-14
Bad Panda
4:31 Loom
9:08 Feudal Age
14:28 Castle Age
12:54 Double-Bit Axe
16:45 Horse Collar
22:15 Wheelbarrow
23:25 Heavy Plow
24:21 Bow Saw
24:45 Loom
28:23 Imperial Age
26:52 Gold Mining
26:52 Stone Mining
27:56 Scale Barding Armor
28:02 Forging
28:06 Cavalier
28:47 Husbandry
28:57 Bloodlines
30:19 Chain Barding Armor
30:34 Iron Casting
29:48 Town Watch
30:20 Hand Cart
29:50 Savar
33:19 Plate Barding Armor
33:45 Blast Furnace
32:36 Fletching
33:19 Conscription
37:09 Two-Man Saw
I ONLY MAKE TRADE CARTS
11:04 Feudal Age
11:57 Double-Bit Axe
14:34 Castle Age
12:55 Horse Collar
13:11 Loom
15:38 Bow Saw
15:45 Gold Mining
24:21 Imperial Age
22:42 Fletching
22:52 Padded Archer Armor
24:50 Ballistics
25:28 Bodkin Arrow
28:49 Forging
28:41 Bracer
31:39 Elite Genoese Crossbowman
34:38 Leather Archer Armor
36:48 Ring Archer Armor
38:57 Chemistry
Peppyzizzle25
5:47 Loom
8:48 Feudal Age
20:43 Castle Age
19:40 Stone Mining
19:39 Double-Bit Axe
19:49 Gold Mining
20:32 Horse Collar
27:05 Wheelbarrow
29:17 Bow Saw
31:10 Hand Cart
33:57 Stone Shaft Mining
33:27 Heavy Plow
39:42 Imperial Age
38:10 Forging
38:06 Scale Barding Armor
[GDL] R_Oak
5:17 Double-Bit Axe
10:57 Feudal Age
9:31 Horse Collar
15:33 Castle Age
14:02 Bow Saw
15:58 Heavy Plow
20:29 Loom
22:52 Gold Mining
22:53 Stone Mining
23:41 Scale Mail Armor
25:11 Forging
24:35 Pikeman
25:53 Squires
26:11 Chain Mail Armor
28:27 Wheelbarrow
28:30 Gold Shaft Mining
28:31 Stone Shaft Mining
29:13 Burgundian Vineyards
32:38 Imperial Age
30:25 Hand Cart
30:16 Husbandry
30:31 Scale Barding Armor
30:32 Cavalier
31:33 Chain Barding Armor
32:42 Halberdier
33:46 Conscription
32:52 Paladin
34:10 Plate Barding Armor
34:19 Coinage
35:36 Two-Man Saw
35:07 Crop Rotation
36:59 Iron Casting
Vinago
10:51 Feudal Age
14:31 Double-Bit Axe
16:11 Loom
24:38 Castle Age
23:46 Horse Collar
25:05 Crossbowman
27:28 Wheelbarrow
27:05 Bow Saw
26:49 Gold Mining
28:12 Fletching
28:53 Padded Archer Armor
29:25 Bodkin Arrow
32:18 Ballistics
33:52 Gold Shaft Mining
36:56 Imperial Age
35:18 Heavy Plow
36:50 Leather Archer Armor
38:10 Thumb Ring
37:29 Arbalester
santy
10:57 Feudal Age
12:00 Loom
14:51 Castle Age
15:07 Double-Bit Axe
26:08 Imperial Age
23:34 Gold Mining
23:28 Horse Collar
24:26 Wheelbarrow
24:08 Bow Saw
23:47 Man-at-Arms
25:07 Pikeman
25:51 Long Swordsman
26:12 Capped Ram
27:08 Scale Mail Armor
27:18 Forging
27:23 Two-Handed Swordsman
29:13 Gold Shaft Mining
28:20 Halberdier
29:22 Chain Mail Armor
30:40 Iron Casting
30:17 Stone Mining
31:59 Plate Mail Armor
32:01 Champion
33:31 Squires
35:14 Blast Furnace
34:55 Conscription
35:42 Elite Boyar
DrJet
7:17 Double-Bit Axe
11:00 Feudal Age
15:11 Castle Age
14:32 Horse Collar
15:26 Scale Barding Armor
16:06 Heavy Plow
19:10 Chain Barding Armor
19:00 Forging
18:56 Cavalier
20:48 Wheelbarrow
24:04 Bow Saw
31:40 Hand Cart
35:01 Imperial Age
33:59 Stone Mining
34:20 Heavy Plow
35:21 Two-Man Saw
35:10 Town Watch
35:11 Loom
36:13 Stone Shaft Mining
因为
10:35 Feudal Age
12:45 Wheelbarrow
14:42 Castle Age
12:55 Double-Bit Axe
13:11 Horse Collar
16:13 Loom
17:08 Gold Mining
17:30 Stone Mining
20:45 Elite Skirmisher
24:32 Stone Shaft Mining
29:48 Imperial Age
32:21 Imperial Age
Connection lost

Rejoining the realm…

Still unreachable

The connection could not be restored.

Session expired

The server has moved on; the page needs a fresh start.